 Dungeon Crawl Stone Soup version 0.17-a0-2220-g6fea741 (webtiles) character file.

23 SlimeFever the Firebug (level 2, 0/19 HPs)
             Began as a Demonspawn Fire Elementalist on Oct 28, 2015.
             Slain by a bat (1 damage)
             ... on level 2 of the Dungeon.
             The game lasted 00:09:42 (902 turns).

SlimeFever the Firebug (DsFE)                        Turns: 902, Time: 00:09:42

Health: 0/19       AC:  7    Str:  8    XL:     2   Next: 72%
Magic:  2/5        EV: 12    Int: 16    God:
Gold:   67         SH:  0    Dex: 13    Spells: 2 memorised, 2 levels left

rFire  . . .     SeeInvis .     j - +0 whip
rCold  . . .     Clarity  .     i - +0 leather armour
rNeg   . . .     SustAt   .     (no shield)
rPois  .         Gourm    .     (no helmet)
rElec  .         Spirit   .     (no cloak)
rCorr  .         Warding  .     (no gloves)
rMut   .         Stasis   .     d - +2 pair of boots
MR     .....                    (no amulet)
Stlth  ++........               (no ring)
                                (no ring)

@: very slightly contaminated, not resistant to hostile enchantments, unstealthy
A: rugged brown scales 1
a: no special abilities


You were on level 2 of the Dungeon.
You were hungry.

You visited 1 branch of the dungeon, and saw 2 of its levels.

You collected 67 gold pieces.

Inventory:

Hand Weapons
 g - a +0 mace
 j - a +0 whip (weapon)
Missiles
 l - 17 arrows
 n - 5 tomahawks (quivered)
Armour
 a - a +0 robe
 d - a +2 pair of boots (worn)
 i - a +0 leather armour (worn)
Scrolls
 e - 2 scrolls of identify
Potions
 m - a potion of lignification
Books
 b - a book of Flames

   Spells                             Type                      Level
   a - Flame Tongue                   Conjuration/Fire             1
   b - Throw Flame                    Conjuration/Fire             2
   c - Conjure Flame                  Conjuration/Fire             3
   d - Inner Flame                    Hexes/Fire                   3
   e - Sticky Flame                   Conjuration/Fire             4
   f - Fireball                       Conjuration/Fire             5
Comestibles
 c - a bread ration
 f - a slice of pizza
 h - a meat ration


   Skills:
 + Level 0.1 Armour
 + Level 2.1 Dodging
 + Level 1.7 Stealth
 + Level 2.1 Spellcasting
 + Level 1.1 Conjurations
 * Level 3.3 Fire Magic


You had 2 spell levels left.
You knew the following spells:

 Your Spells              Type           Power        Failure   Level  Hunger
a - Flame Tongue          Conj/Fire      #....        14%         1    #......
b - Throw Flame           Conj/Fire      #.....       21%         2    ###....


Dungeon Overview and Level Annotations

Branches:
Dungeon (2/15)

Altars:
Nemelex Xobeh

Annotations:
D:2 Robin


Innate Abilities, Weirdness & Mutations

You are partially covered in rugged brown scales (AC +1, +3% HP).


Message History

You hit the hobgoblin but do no damage.
The hobgoblin hits you but does no damage.
You closely miss the hobgoblin. The hobgoblin closely misses you.
You barely miss the hobgoblin.
You are feeling hungry.
The hobgoblin hits you but does no damage.
You closely miss the hobgoblin. The hobgoblin hits you.
* * * LOW HITPOINT WARNING * * *
The hobgoblin hits you.
* * * LOW HITPOINT WARNING * * *
A bat comes into view.
The bat moves out of view.
The bat closely misses you. The bat barely misses you. x2
The bat barely misses you. The bat hits you but does no damage.
The bat misses you. The bat hits you but does no damage. The bat misses you.
The bat hits you but does no damage. The bat hits you.
You die...

### #.. #.# # #.# ### .
#######@# #.# #
.......b####.######. #
...........g.g.........
#
#...############.######
### [.. ... ........#
..# ..#####.#########g#
..##..#...#......gg...#
...)..#.#.#....#####..#
...####.#.####.#####..#


You could see a hobgoblin and a bat.

Vanquished Creatures
  A giant gecko (D:1)
  3 hobgoblins
  2 kobolds (D:1)
  2 bats (D:1)
  10 goblins
  2 rats (D:1)
20 creatures vanquished.

Notes
Turn   | Place    | Note
--------------------------------------------------------------
     0 | D:1      | SlimeFever the Demonspawn Fire Elementalist began the quest for the Orb.
     0 | D:1      | Reached XP level 1. HP: 13/13 MP: 3/3
   414 | D:1      | Found a sparkling altar of Nemelex Xobeh.
   428 | D:1      | Reached skill level 3 in Fire Magic
   525 | D:1      | Gained mutation: You are partially covered in rugged brown scales (AC +1, +3% HP). [demonic ancestry]
   525 | D:1      | Reached XP level 2. HP: 13/19 MP: 3/5
   775 | D:1      | Learned a level 2 spell: Throw Flame
   834 | D:2      | Noticed Robin
   902 | D:2      | Slain by a bat

Vault maps used:
D:1:      lemuel_arrival_funnel, minmay_curled_crystal,
          nemelex_xobeh_ov_fountains_minmay
D:2:      lemuel_crystal_altar, marbit_many_paths, first_bread,
          roderic_filled_cross, st_stairs_2, uniq_robin

Action                   || total
-------------------------++-------
Melee: Whip              ||    37
       Club              ||     7
 Cast: Flame Tongue      ||    24
       Throw Flame       ||     1
  Use: Scroll            ||     2
